 Dungeon Crawl Stone Soup version 0.27.0-1-g7a089689b8 (webtiles) character file.

Game seed: 12859628154179551411

6580 RedPan the Caller (level 10, -9/68 HPs)
             Began as a Demonspawn Ice Elementalist on Aug 3, 2021.
             Was an Elder of Hepliaklqana.
             Killed by vampiric draining
             ... invoked by a vampire
              (17 damage)
             ... on level 9 of the Dungeon.
             The game lasted 00:23:31 (11510 turns).

RedPan the Caller (Demonspawn Ice Elementalist)    Turns: 11510, Time: 00:23:31

Health: -9/68      AC: 15    Str:  9    XL:     10   Next: 71%
Magic:  17/17      EV: 10    Int: 19    God:    Hepliaklqana [****..]
Gold:   474        SH:  0    Dex: 14    Spells: 12/19 levels left

rFire    + + .     SeeInvis .   f - +1 dagger (drain)
rCold    + + .     Faith    .   (no shield)
rNeg     . . .     Spirit   .   e - +3 scale mail {rC+}
rPois    +         Reflect  .   i - +1 helmet
rElec    .         Harm     .   s - scarf {rC+ rF+}
rCorr    .         Rampage  .   j - +1 pair of gloves
Will     .....                  (no boots)
Stlth    ++........             (no amulet)
HPRegen  0.21/turn              g - ring "Ugeedech" {rPois Stlth+}
MPRegen  0.15/turn              v - ring of protection from fire

@: mighty, brilliant, very slightly contaminated, invisible
A: reduced essence, powered by death 1
a: Renounce Religion, Recall Ancestor, Ancestor Identity, Transference, Idealise


You were on level 9 of the Dungeon.
You worshipped Hepliaklqana.
Hepliaklqana was greatly pleased with you.
You visited 1 branch of the dungeon, and saw 9 of its levels.

You collected 474 gold pieces.

Inventory:

Hand Weapons
 d - a +0 falchion
 f - a +1 dagger of draining (weapon)
 k - a +0 whip of freezing
 w - a +0 rapier
Armour
 a - a +1 robe
 e - a +3 scale mail of cold resistance (worn)
 i - a +1 helmet (worn)
 j - a +1 pair of gloves (worn)
 s - a scarf of resistance (worn)
Jewellery
 g - the ring "Ugeedech" (left hand) {rPois Stlth+}
   (You acquired it on level 6 of the Dungeon)

   [ring of poison resistance]

   rPois:     It protects you from poison.
   Stlth:     It makes you more stealthy.
 v - a ring of protection from fire (right hand)
Wands
 c - a wand of paralysis (21)
 o - a wand of digging (5)
Scrolls
 m - a scroll of teleportation
 t - a scroll of enchant weapon
 x - a scroll of holy word {unknown}
Potions
 b - 2 potions of invisibility
 h - 2 potions of might
 l - a potion of curing
 n - a potion of cancellation


   Skills:
 - Level 6.0 Fighting
 + Level 1.1(1.2) Short Blades
 - Level 0.2(0.8) Long Blades
 + Level 6.8 Armour
 + Level 7.1 Dodging
 - Level 2.0 Stealth
 - Level 5.0 Spellcasting
 + Level 7.4 Summonings
 + Level 6.2 Ice Magic


You had 12 spell levels left.
You knew the following spells:

 Your Spells              Type           Power      Damage    Failure   Level
a - Freeze                Ice            100%       1d11      6%          1
b - Frozen Ramparts       Ice            86%        1d10      17%         3
c - Ozocubu's Armour      Ice            43%        N/A       17%         3

Your spell library contained the following spells:

 Spells                   Type           Power      Damage    Failure   Level
 Foxfire                  Conj/Fire      28%        2x1d5     58%         1
 Sublimation of Blood     Necr           3%         N/A       75%         2
 Wereblood                Tmut           7%         N/A       75%         2
 Hailstorm                Conj/Ice       25%        3d7       91%         4
 Conjure Flame            Conj/Fire      7%         6-21      92%         3
 Inner Flame              Hex/Fire       7%         N/A       92%         3
 Fireball                 Conj/Fire      3%         3d4       100%        5
 Starburst                Conj/Fire      3%         8x6d3     100%        6
 Summon Hydra             Summ           24%        N/A       100%        7
 Ignition                 Fire           3%         3d4       100%        8


Dungeon Overview and Level Annotations

Branches:
Dungeon (9/15)             Temple (0/1) D:7            Lair (0/6) D:9
    Orc: D:9-12

Altars:
Ashenzari
Fedhas
Hepliaklqana
Makhleb
Qazlal
Sif Muna
Vehumet
Wu Jian
Yredelemnul
The Shining One

Shops:
D:1 [   D:9 (


Innate Abilities, Weirdness & Mutations

Your life essence is reduced to manifest your ancestor. (-10% HP)
You regenerate a little health from kills.


Message History

Faust hits the vampire with a +0 dagger of draining.
It was a potion of brilliance.
You feel clever all of a sudden.
The vampire hits Faust.
The vampire barely misses Faust.
Faust hits the vampire but does no damage.
It was a potion of magic.
Magic courses through your body.
The vampire gestures at Faust while chanting.
Faust resists with some effort.
Faust barely misses the vampire.
It was a potion of ambrosia.
You are confused.
You feel invigorated.
The vampire gestures wildly while chanting.
The vampire flickers and vanishes!
Deactivating autopickup; reactivate with Ctrl-A.
Faust hits something but does no damage.
You fade into invisibility!
Something barely misses Faust.
Something bites Faust!
Faust closely misses something.
You are very lightly contaminated with residual magic.
You feel very mighty all of a sudden.
Something hits Faust!
Something bites Faust!
Faust is destroyed!
You're too confused to cast spells.
Unknown command.
Something hits you but does no damage. Something bites you.
Something draws strength from your injuries!
You feel less invigorated.
You feel less confused. Something hits you!
Something bites you but does no damage.
You puncture something! Something hits you!
* * * LOW HITPOINT WARNING * * *
Something bites you.
* * * LOW HITPOINT WARNING * * *
Something draws strength from your injuries!
You miss something. Something hits you.
* * * LOW HITPOINT WARNING * * *
Something bites you but does no damage.
You hit something.
You die...

########## ###
##########......?.#
..#
........#.........#
..#
........#.........#
..#
.......{@.........##
..#
.........#.........#
..#
^.......##...#####.##
..+
........###..#.P≈#..#
..# ........#
#..#..D#..# ..#
........# ##.#####..#
### ####+####
#........# ###
#...∩....# ..#
#........#


There were no monsters in sight!

Vanquished Creatures
  A two-headed ogre (D:7)
  Pikel (D:5)
  10 yaks (D:8)
  A steam dragon (D:5)
  2 orc warriors
  2 sky beasts
  A black bear (D:5)
  3 ogres
  2 centaurs
  A lemure (D:5)
  2 scorpions
  A water moccasin skeleton (D:4)
  A jelly (D:7)
  8 killer bees (D:9)
  A howler monkey (D:9)
  2 centaur zombies
  A centaur skeleton (D:5)
  3 orc priests
  A gnoll shaman (D:5)
  Terence (D:2)
  4 iguanas
  8 orc wizards
  5 adders
  4 gnolls
  A shadow imp (D:6)
  An ufetubus (D:6)
  An adder zombie (D:5)
  2 worms
  2 dart slugs (D:1)
  29 orcs
  2 bats
  8 endoplasms
  4 giant cockroaches
  2 goblins
  4 hobgoblins
  15 jackals
  8 kobolds
  2 quokkas (D:1)
  9 ball pythons
  3 frilled lizards
  5 rats
164 creatures vanquished.

Vanquished Creatures (collateral kills)
  Grinder (D:6)
  2 steam dragons
  A water moccasin (D:5)
  A black bear (D:6)
  3 ice beasts
  2 necrophages
  2 phantoms
  A bullfrog (D:9)
  A kobold brigand (D:9)
  2 jellies (D:7)
  A killer bee (D:9)
  A centaur skeleton (D:7)
  An orc priest (D:8)
  3 orc wizards
  A hound skeleton (D:5)
  A howler monkey zombie (D:7)
  2 adders
  2 white imps
  An adder skeleton (D:5)
  A worm (D:2)
  8 orcs
  A goblin (D:3)
  A hobgoblin (D:2)
40 creatures vanquished.

Vanquished Creatures (others)
  3 hexers
  A fungus (D:5)
  12 plants
16 creatures vanquished.

Grand Total: 220 creatures vanquished

Notes
Turn   | Place    | Note
-------+----------+-------------------------------------------
     0 | D:1      | RedPan the Demonspawn Ice Elementalist began the quest for
                  | the Orb.
     0 | D:1      | Reached XP level 1. HP: 13/13 MP: 3/3
   274 | D:1      | Gained mutation: You regenerate a little health from kills.
                  | [demonic ancestry]
   274 | D:1      | Reached XP level 2. HP: 19/19 MP: 0/5
   553 | D:1      | Found Osanunk's Armour Boutique.
   692 | D:1      | Found a faded altar of an unknown god.
   699 | D:1      | Reached XP level 3. HP: 14/24 MP: 0/7
   861 | D:1      | Became a worshipper of Hepliaklqana the Forgotten
   861 | D:1      | Reached * piety under Hepliaklqana
  2012 | D:2      | Learned a level 3 spell: Frozen Ramparts
  2016 | D:2      | Learned a level 3 spell: Ozocubu's Armour
  2055 | D:2      | Reached ** piety under Hepliaklqana
  2056 | D:2      | Remembered your ancestor Faust as a hexer
  2157 | D:2      | Noticed Terence
  2163 | D:2      | Reached XP level 4. HP: 27/27 MP: 1/8
  2165 | D:2      | Killed Terence
  2731 | D:3      | Reached XP level 5. HP: 27/31 MP: 4/10
  3049 | D:3      | Found a stormy altar of Qazlal.
  3215 | D:3      | Reached skill level 5 in Ice Magic
  3765 | D:3      | Noticed a sky beast
  3773 | D:3      | Killed a sky beast
  3774 | D:3      | Reached skill level 1 in Short Blades
  3774 | D:3      | Reached XP level 6. HP: 36/36 MP: 8/12
  4191 | D:4      | Found a basalt altar of Yredelemnul.
  4510 | D:4      | Found a blossoming altar of Fedhas.
  4795 | D:4      | Reached XP level 7. HP: 30/41 MP: 11/14
  4795 | D:4      | Found a broken altar of Ashenzari.
  4813 | D:4      | Reached skill level 5 in Spellcasting
  5040 | D:4      | Reached skill level 1 in Fighting
  5040 | D:4      | Reached skill level 1 in Armour
  5475 | D:5      | Entered Level 5 of the Dungeon
  5486 | D:5      | Reached skill level 1 in Summonings
  5566 | D:5      | Noticed Pikel
  5590 | D:5      | Killed Pikel
  5591 | D:5      | Reached XP level 8. HP: 25/52 MP: 2/15
  5801 | D:5      | Reached *** piety under Hepliaklqana
  5853 | D:5      | HP: 2/54 [steam dragon] (8)]
  6895 | D:6      | Reached XP level 9. HP: 51/58 MP: 12/16
  7744 | D:6      | Noticed Grinder
  7760 | D:6      | Killed Grinder
  7761 | D:6      | Reached skill level 5 in Dodging
  7967 | D:6      | Reached skill level 5 in Fighting
  8080 | D:6      | Identified a scroll of acquirement
  8080 | D:6      | Acquired the ring "Ugeedech" {rPois Stlth+}
  8191 | D:7      | Reached skill level 5 in Summonings
  8502 | D:7      | Found a radiant altar of Vehumet.
  8536 | D:7      | Found a staircase to the Ecumenical Temple.
  8623 | D:7      | Reached skill level 5 in Armour
  8726 | D:7      | Reached **** piety under Hepliaklqana
  9137 | D:7      | Noticed a two-headed ogre
  9154 | D:7      | Killed a two-headed ogre
  9155 | D:7      | Reached XP level 10. HP: 42/68 MP: 11/17
 10825 | D:8      | Found a burning altar of Makhleb.
 10867 | D:9      | Found a shimmering blue altar of Sif Muna.
 11346 | D:9      | Found a staircase to the Lair.
 11352 | D:9      | Found an ornate altar of the Wu Jian Council.
 11454 | D:9      | Found Nuruluck's Hydra Hut.
 11454 | D:9      | Noticed a five-headed hydra
 11498 | D:9      | HP: 3/68 [vampire/vampiric draining (11)]
 11510 | D:9      | Killed from afar by a vampire

Illustrated notes

Levels and vault maps discovered:
D:1:      dpeg_arrival_concentric_ovals, layout_basic, serial_shops,
          shop_fountains, hellmonk_ecumenical_altar_zigzags, minmay_surrounded
D:2:      layout_basic, uniq_terence
D:3:      minmay_inner_zag, layout_loops_ring, lemuel_round_altar
D:4:      layout_loops_corners, mainiacjoe_overflow_catwalk, ashenzari_altar_1,
          nicolae_overflow_crystal_walls
D:5:      kennysheep_steamy, layout_basic, grunt_ministairs_10,
          serial_bayou_lagoon_b, uniq_pikel
D:6:      layout_layer_cave, uniq_grinder
D:7:      layout_basic, mainiacjoe_overflow_24_doors, temple_doors_ab
D:8:      layout_loops_corners, kennysheep_mini
D:9:      layout_roguey, lemuel_doored_altar, nzn_wu_jian_council_hall,
          nicolae_tso_carved_into_rock, lair_entry_dummy, doesnt_shop_hydraphobe

Skill      XL: |  1  2  3  4  5  6  7  8  9 10 |
---------------+-------------------------------+-----
Stealth        | 2 |  2.0
Dodging        | 2 3 4 5 7 |  7.1
Ice Magic      | 4 5 6 |  6.2
Spellcasting   | 3 4 5 |  5.0
Short Blades   | 1 |  1.1
Fighting       | 3 4 6 |  6.0
Armour         | 2 3 5 6 |  6.8
Summonings     | 2 4 5 7 |  7.4
Long Blades    | |  0.2

Action                   |  1- 3 |  4- 6 |  7- 9 | 10-12 || total
-------------------------+-------+-------+-------+-------++-------
Melee: Unarmed           |    17 |       |       |       ||    17
       Dagger            |    42 |   165 |   227 |   154 ||   588
 Cast: Freeze            |    56 |    21 |    11 |     2 ||    90
       Frozen Ramparts   |     1 |     8 |    19 |    15 ||    43
       Ozocubu's Armour  |     1 |     3 |     9 |     2 ||    15
Invok: Ancestor Identity |     2 |       |       |       ||     2
       Ancestor Life: He |     1 |       |       |       ||     1
  Use: Scroll            |     3 |     3 |     4 |     2 ||    12
       Potion            |       |     3 |     1 |     7 ||    11
 Stab: Sleeping          |     4 |     4 |     2 |       ||    10
       Distracted        |       |     1 |     2 |     1 ||     4
       Confused          |       |     3 |     7 |     3 ||    13
Armor: Robe              |    20 |    49 |    68 |       ||   137
       Skin              |       |     4 |       |       ||     4
       Scale mail        |       |       |       |    88 ||    88
Dodge: Dodged            |    74 |   122 |   175 |    79 ||   450
